 Dungeon Crawl Stone Soup version 0.31.0-12-g77e489cdc1 (webtiles) character file.

Game seed: 1510367378971664865

9726 spaghetti the Fighter (level 11, -1/123 HPs)
             Began as an Oni Ice Elementalist on Feb 17, 2024.
             Was an Initiate of Gozag.
             Slain by a sun demon (12 damage)
             ... summoned by a kobold demonologist
             ... on level 11 of the Dungeon.
             The game lasted 00:21:43 (13385 turns).

spaghetti the Fighter (Oni Ice Elementalist)       Turns: 13385, Time: 00:21:44

Health: -1/123     AC:  8    Str: 32    XL:     11   Next: 51%
Magic:  9/20       EV: 12    Int: 26    God:    Gozag
Gold:   759        SH:  0    Dex:  9    Spells: 7/20 levels left

rFire   . . .        G - +6 giant spiked club
rCold   . . .        (shield currently unavailable)
rNeg    . . .        c - +1 robe of Limitation {Str+4}
rPois   .            v - +2 hat
rElec   .            t - +1 cloak
rCorr   .            (gloves unavailable)
SInv    .            (boots unavailable)
Will    +....        (no amulet)
Stlth   +            i - +6 ring of strength
HPRegen 0.40/turn    u - ring "Eggetaro" {^Drain Str+8 Int+6}
MPRegen 0.17/turn

%: clarity
@: about to teleport, gold aura, on berserk cooldown, slowed, very slow
A: large, unfitting armour, horns 1, tough skin 1, double potion healing,
drunken brawling, clarity, high MP 1, evolution 1
a: Renounce Religion, Potion Petition, Call Merchant, Bribe Branch


You were on level 11 of the Dungeon.
You worshipped Gozag.
Gozag was pleased with you.
You visited 2 branches of the dungeon, and saw 12 of its levels.

You collected 1826 gold pieces.
You spent 1000 gold pieces at shops.
You paid 67 gold pieces to Gozag.

Inventory:

Hand Weapons
 E - a -2 demon whip of venom
 G - a +6 giant spiked club (weapon)
Missiles
 r - a throwing net
Armour
 c - the +1 robe of Limitation (worn) {Str+4}
   (You found it on level 4 of the Dungeon)

   Str+4:     It affects your strength (+4).
 t - a +1 cloak (worn)
 v - a +2 hat (worn)
Magical Staves
 h - a staff of cold
Jewellery
 i - a +6 ring of strength (left hand)
 p - a ring of ice
 u - the ring "Eggetaro" (right hand) {^Drain Str+8 Int+6}
   (You bought it in a shop on level 3 of the Dungeon)

   [ring of intelligence]

   Str+8:     It affects your strength (+8).
   Int+6:     It affects your intelligence (+6).
   ^Drain:    It drains your maximum health when unequipped.
 w - a ring of flight
 F - a ring of wizardry
Wands
 k - a wand of flame (38)
 m - a wand of paralysis (15)
 J - a wand of quicksilver (2)
Scrolls
 e - a scroll of torment
 f - 3 scrolls of enchant armour
 g - 2 scrolls of immolation
 s - 3 scrolls of teleportation
 y - 2 scrolls of revelation
 H - 2 scrolls of fog
 I - 2 scrolls of silence
 K - 2 scrolls of noise
Potions
 a - 2 potions of mutation
 b - a potion of magic
 d - 3 potions of curing
 j - a potion of degeneration
 n - 3 potions of resistance
 o - 3 potions of might
 q - 5 potions of enlightenment
 x - a potion of cancellation
 z - a potion of invisibility
 A - 2 potions of attraction
 B - a potion of lignification
 C - 2 potions of heal wounds
 D - a potion of haste


   Skills:
 + Level 11.9 Fighting
 - Level 4.3 Staves
 + Level 8.7 Dodging
 - Level 1.4 Stealth
 - Level 5.0 Spellcasting
 - Level 4.0 Summonings
 - Level 4.0 Ice Magic
 + Level 7.6 Evocations


You had 7 spell levels left.
You knew the following spells:

 Your Spells              Type           Power      Damage    Failure   Level
a - Freeze                Ice            100%       1d10      1%          1
b - Summon Ice Beast      Ice/Summ       27%        N/A       4%          3
c - Frozen Ramparts       Ice            54%        1d9       4%          3
d - Ozocubu's Armour      Ice            27%        N/A       4%          3
e - Volatile Blastmotes   Fire/Tloc      12%        2d11      22%         3

Your spell library contained the following spells:

 Spells                   Type           Power      Damage    Failure   Level
 Summon Small Mammal      Summ           100%       N/A       1%          1
 Apportation              Tloc           12%        N/A       8%          1
 Magic Dart               Conj           24%        1d4       8%          1
 Necrotise                Necr           24%        1d5       8%          1
 Sting                    Conj/Alch      24%        1d4       8%          1
 Searing Ray              Conj           12%        2d4       12%         2
 Dazzling Flash           Conj/Hex       12%        N/A       22%         3
 Fulminant Prism          Conj/Alch      3%         3d5       58%         4
 Ignite Poison            Fire/Alch      6%         N/A       58%         4
 Sticky Flame             Fire/Alch      6%         2d4       58%         4
 Starburst                Conj/Fire      3%         6d3       100%        6
 Ignition                 Fire           3%         3d4       100%        8
 Maxwell's Capacitive Co  Air            3%         ∞         100%        8


Dungeon Overview and Level Annotations

Branches:
Dungeon (11/15)            Temple (1/1) D:4
   Lair: D:8-11         Orc: D:9-12

Altars:
Ashenzari
Cheibriados
Dithmenos
Elyvilon
Fedhas
Gozag
Hepliaklqana
Kikubaaqudgha
Makhleb
Nemelex Xobeh
Okawaru
Qazlal
Ru
Sif Muna
Trog
Uskayaw
Vehumet
Wu Jian
Xom
Yredelemnul
Zin
The Shining One

Shops:
D:3 =   D:8 (*?!


Innate Abilities, Weirdness & Mutations

You are too large for most types of armour.
You have a pair of small horns on your head.
You have tough skin. (AC +1)
You gain doubled healing and magic from potions.
Whenever you drink a healing potion, you attack all around you.
You possess an exceptional clarity of mind.
You have an increased reservoir of magic. (+10% MP)
You have hidden genetic potential.


Message History

The kobold demonologist looks braver for a moment.
Unknown command.
Unknown command.
As you read the scroll of immolation, it crumbles to dust.
The creatures around you are filled with an inner flame!
A kobold comes into view. It is wielding a +0 short sword.
Your ice beast barely misses the sun demon.
The sun demon closely misses your ice beast.
The rust devil hits your ice beast! Flame seeps out of your ice beast.
The rust devil corrodes your ice beast!
Your ice beast is engulfed in blazing flames.
Your ice beast disappears in a puff of smoke!
Your ice beast explodes!
The fiery explosion engulfs the kobold brigand!!
The fiery explosion engulfs the rust devil.
The rust devil completely resists.
The fiery explosion engulfs you!!
* * * LOW HITPOINT WARNING * * *
The fiery explosion engulfs the sun demon.
The sun demon completely resists.
The kobold brigand explodes!
The fiery explosion engulfs the rust devil.
The rust devil completely resists.
The fiery explosion engulfs the kobold!!!
The kobold explodes!
The fiery explosion engulfs the rust devil.
The rust devil completely resists.
You hear a shout!
Unknown command.
Unknown command.
Unknown command.
Unknown command.
Unknown command.
Unknown command.
Unknown command.
As you read the scroll of teleportation, it crumbles to dust.
You feel strangely unstable. The sun demon hits you!!
* * * LOW HITPOINT WARNING * * *
You are engulfed in flames!
You die...
Your body crumbles into a pile of gold.

#......... #.$.......
#......... ######§§.....(.
...### ......§§KK.....
..... ......§4§...... ....#
#$# #...# # #3# #...# .#
#@# #...#####.# #.# .#
#.........######.#####..##
..........................
..........#####...>....##
..........# #...####.#
..........# #...# #
....(.....# #...####.#
..........#####........####


You could see a sun demon (summoned, inner flame), a rust devil (summoned, inner
flame) and a kobold demonologist (inner flame).

Vanquished Creatures
  Urug (D:10)
  Amaemon (D:9)
  An ugly thing (D:11)
  A gargoyle (D:10)
  An orange demon (D:9)
  3 trolls
  2 hornets
  A shadow (D:11)
  2 steam dragons
  3 vampire mosquitoes (D:10)
  An acid dragon (D:10)
  2 water moccasins
  2 orc warriors
  A sky beast (D:6)
  2 ice beasts
  2 ogres
  3 centaurs
  3 kobold brigands
  2 phantoms
  4 bullfrogs
  A scorpion (D:5)
  3 wights (D:8)
  3 killer bees (D:6)
  A howler monkey (D:6)
  An electric eel (D:8)
  2 orc priests (D:8)
  A jelly (D:5)
  A gnoll bouda (D:7)
  3 hounds
  4 sleepcaps
  Natasha (twice) (D:3)
  4 orc wizards
  An iguana (D:5)
  13 gnolls
  6 adders
  4 shadow imps
  A white imp (D:7)
  2 ufetubi (D:7)
  26 orcs
  3 endoplasms
  A giant cockroach (D:1)
  12 goblins
  6 hobgoblins
  4 jackals (D:1)
  2 quokkas
  2 ball pythons (D:2)
  A bat (D:2)
  5 frilled lizards
  19 kobolds
  A rat (D:3)
173 creatures vanquished.

Vanquished Creatures (collateral kills)
  Erolcha (D:9)
  A hydra (D:10)
  A cyclops (D:11)
  A troll (D:11)
  A water moccasin (D:7)
  An orc warrior (D:8)
  2 sky beasts (D:7)
  A kobold brigand (D:7)
  A scorpion (D:4)
  2 wights (D:8)
  2 howler monkeys
  A nameless horror (D:5)
  An orc priest (D:8)
  2 bombardier beetles
  A gnoll bouda (D:8)
  Ijyb (D:3)
  An orc wizard (D:7)
  Natasha (D:3)
  Robin (D:2)
  2 gnolls (D:5)
  2 adders (D:3)
  A white imp (D:6)
  2 dart slugs
  6 orcs
  2 endoplasms
  2 goblins (D:4)
  3 hobgoblins
  A jackal (D:4)
  7 kobolds
  2 quokkas
  A ball python (D:2)
54 creatures vanquished.

Vanquished Creatures (others)
  An orc (D:8)
  2 kobolds (D:8)
3 creatures vanquished.

Grand Total: 230 creatures vanquished

Notes
Turn   | Place    | Note
-------+----------+-------------------------------------------
     0 | D:1      | spaghetti the Oni Ice Elementalist began the quest for the
                  | Orb.
     0 | D:1      | Reached XP level 1. HP: 16/16 MP: 3/3
   142 | D:1      | Reached XP level 2. HP: 16/24 MP: 4/6
  1116 | D:2      | Reached XP level 3. HP: 23/31 MP: 5/8
  1120 | D:2      | Learned a level 3 spell: Summon Ice Beast
  1124 | D:2      | Learned a level 3 spell: Frozen Ramparts
  1517 | D:2      | Noticed Robin
  1524 | D:2      | Killed Robin
  1525 | D:2      | Reached XP level 4. HP: 35/39 MP: 2/10
  1537 | D:2      | Reached skill level 1 in Summonings
  1670 | D:2      | Identified a scroll of acquirement
  1670 | D:2      | Acquired a staff of cold
  1775 | D:3      | Noticed Natasha
  1785 | D:3      | Killed Natasha
  1882 | D:3      | Noticed Natasha
  1887 | D:3      | Killed Natasha
  1888 | D:3      | Reached skill level 1 in Fighting
  1888 | D:3      | Reached XP level 5. HP: 48/48 MP: 4/11
  1990 | D:3      | Noticed Ijyb
  1998 | D:3      | Paralysed by Ijyb for 5 turns
  2006 | D:3      | Killed Ijyb
  2255 | D:3      | Found Toetig's Jewellery Emporium.
  2255 | D:3      | Noticed Natasha
  2257 | D:3      | Killed Natasha
  2258 | D:3      | Reached skill level 1 in Staves
  2429 | D:3      | Reached skill level 1 in Evocations
  2429 | D:3      | Reached XP level 6. HP: 57/57 MP: 10/13
  2905 | D:4      | Identified the +1 robe of Limitation {Str+4}
  2979 | D:4      | Found a staircase to the Ecumenical Temple.
  2993 | Temple   | Entered the Ecumenical Temple
  3004 | Temple   | Became a worshipper of Gozag Ym Sagoz the Greedy
  3066 | D:4      | Reached skill level 2 in Fighting
  3219 | D:4      | Reached skill level 5 in Spellcasting
  3568 | D:4      | Reached XP level 7. HP: 32/66 MP: 9/14
  4076 | D:5      | Entered Level 5 of the Dungeon
  4132 | D:5      | Reached skill level 3 in Fighting
  4539 | D:5      | Reached skill level 4 in Fighting
  4539 | D:5      | Reached XP level 8. HP: 33/78 MP: 13/15
  4888 | D:5      | Learned a level 3 spell: Ozocubu's Armour
  5474 | D:6      | Found a bloodstained altar of Trog.
  5474 | D:6      | Found a shimmering altar of Xom.
  5672 | D:6      | Found a broken altar of Ashenzari.
  5730 | D:6      | Reached skill level 5 in Fighting
  6640 | D:7      | Reached XP level 9. HP: 85/89 MP: 14/16
  6720 | D:3      | Bought the ring "Eggetaro" {^Drain Str+8 Int+6} for 704
                  | gold pieces
  7070 | D:7      | Reached skill level 6 in Fighting
  7206 | D:7      | Reached skill level 5 in Dodging
  7865 | D:7      | Reached skill level 7 in Fighting
  8570 | D:8      | Reached skill level 5 in Evocations
  8573 | D:8      | Reached skill level 8 in Fighting
  9065 | D:8      | Reached XP level 10. HP: 88/105 MP: 17/17
  9160 | D:8      | Found Kobixila's Distillery.
  9162 | D:8      | Found Rextearase's General Store.
  9162 | D:8      | Found Keolagg's Antique Weapon Emporium.
  9162 | D:8      | Found Rirphavyo's Magic Scroll Shop.
  9453 | D:8      | Bought a scroll of teleportation for 36 gold pieces
  9462 | D:8      | Bought 2 potions of heal wounds for 100 gold pieces
  9462 | D:8      | Bought 2 potions of mutation for 160 gold pieces
  9462 | D:8      | Gained mutation: You are somewhat resistant to further
                  | mutation. [potion of mutation]
  9463 | D:8      | Lost mutation: You are somewhat resistant to further
                  | mutation. [potion of mutation]
  9463 | D:8      | Gained mutation: You have an increased reservoir of magic.
                  | (+10% MP) [potion of mutation]
  9463 | D:8      | Gained mutation: You have hidden genetic potential. [potion
                  | of mutation]
 10137 | D:9      | Noticed an orange demon
 10154 | D:9      | Killed an orange demon
 10155 | D:9      | Reached skill level 9 in Fighting
 10328 | D:9      | Noticed Amaemon
 10354 | D:9      | Killed Amaemon
 10870 | D:9      | Noticed Erolcha
 10882 | D:9      | Killed Erolcha
 10883 | D:9      | Reached skill level 10 in Fighting
 11206 | D:10     | Entered Level 10 of the Dungeon
 11211 | D:10     | Noticed a six-headed hydra
 11220 | D:10     | Killed a six-headed hydra
 11400 | D:10     | Found the +1 robe of Vines {NoPotionHeal Regen++++}
 11561 | D:10     | Reached XP level 11. HP: 82/119 MP: 18/20
 11684 | D:10     | Gained mutation: You possess an exceptional clarity of
                  | mind. [hidden potential]
 11917 | D:10     | Reached skill level 11 in Fighting
 12253 | D:10     | Paralysed by a hornet for 3 turns
 12522 | D:10     | Noticed Urug
 12537 | D:10     | Killed Urug
 13002 | D:11     | Learned a level 3 spell: Volatile Blastmotes
 13008 | D:11     | Noticed a cyclops
 13023 | D:11     | Killed a cyclops
 13343 | D:11     | Noticed a cyan ugly thing
 13351 | D:11     | Killed a cyan ugly thing
 13382 | D:11     | Noticed a sun demon
 13385 | D:11     | Slain by a sun demon

Illustrated notes

Levels and vault maps discovered:
D:1:      giann_forest_graveyard, layout_loops_ring
D:2:      layout_loops_cross, uniq_robin
D:3:      layout_basic, serial_shops, nicolae_shop_real_fake_doors,
          kennysheep_doodads, uniq_ijyb, uniq_natasha
D:4:      minmay_skewed_foursquare, layout_basic, minmay_temple_entry_arrows,
          serial_glass, glass_columns_b, glass_columns_a,
          kennysheep_generic_room_9
D:5:      layout_basic, kennysheep_cross_room
D:6:      layout_loops_ring, mainiacjoe_overflow_surrounded_room,
          amethyst_overflow_temple_binary
D:7:      layout_basic
D:8:      wander_river, layout_basic, nicolae_wooded_promenade
D:9:      layout_loops_corners, uniq_erolcha, uniq_amaemon
D:10:     layout_roguey, hellmonk_guarded_unrand_vines, uniq_urug
D:11:     layout_small_grid, dpeg_lair_monsters
Temple:   hellmonk_temple_of_storms

Skill      XL: |  1  2  3  4  5  6  7  8  9 10 11 |
---------------+----------------------------------+-----
Spellcasting   | 3 4 5 |  5.0
Summonings     | 1 2 3 4 |  4.0
Fighting       | 1 2 4 5 8 10 11 | 11.9
Dodging        | 2 3 4 6 7 8 |  8.7
Ice Magic      | 4 |  4.0
Staves         | 1 2 3 4 |  4.3
Evocations     | 1 2 3 5 6 7 |  7.6
Stealth        | |  1.4

Action                     |  1- 3 |  4- 6 |  7- 9 | 10-12 || total
---------------------------+-------+-------+-------+-------++-------
  Melee: Unarmed           |   114 |    22 |       |       ||   136
         Headbutt          |    14 |    17 |    55 |    21 ||   107
         Punch             |     1 |       |     3 |       ||     4
         Staff             |       |    65 |   303 |    55 ||   423
         Giant spiked club |       |       |       |    30 ||    30
   Cast: Freeze            |    15 |    19 |    52 |    32 ||   118
         Summon Ice Beast  |     2 |    16 |    28 |    31 ||    77
         Frozen Ramparts   |     2 |     5 |    12 |    16 ||    35
         Ozocubu's Armour  |       |       |     1 |     4 ||     5
  Evoke: Wand              |       |       |     2 |     4 ||     6
    Use: Scroll            |       |     5 |    10 |     5 ||    20
         Potion            |       |     6 |     4 |     3 ||    13
   Stab: Sleeping          |     3 |     1 |       |     1 ||     5
         Paralysed         |       |       |       |     1 ||     1
 Armour: Robe              |    80 |   109 |   295 |   171 ||   655
  Dodge: Dodged            |    71 |    56 |   211 |    92 ||   430
